AoeStats
← GirthSoWide

Arena

504362753Analyzed
2v2 RM · 28d ago on Sep 5, 2026· 48m 3s· 4 players
Game mode
Random Map
Map size
Medium (4 player)
Population
200
Speed
Normal
Resources
Standard
Victory
Conquest
Starting age
Dark Age
Ending age
Imperial Age
RankedLock teamsTeams togetherTeam positionsShared explorationLock speedFull tech treeHidden civsTurbo modeCheats
Victory
Defeat
🇺🇸 Malians · United States
700
+17
🇺🇸 Muisca · United States
670
+18
🇺🇸 Japanese · United States
761
-19
🇺🇸 Ethiopians · United States
671
-16
LXXIII
12:33 Feudal Age
16:29 Castle Age
15:25 Horse Collar
15:40 Double-Bit Axe
18:46 Wheelbarrow
18:50 Bow Saw
19:28 Heavy Plow
22:33 Gold Mining
22:35 Stone Mining
23:01 Scale Mail Armor
23:12 Squires
27:06 Forging
29:01 Stone Shaft Mining
29:01 Gold Shaft Mining
28:53 Town Watch
29:31 Hand Cart
31:19 Iron Casting
30:32 Arson
31:43 Ballistics
31:44 Husbandry
31:54 Bloodlines
31:05 Light Cavalry
35:15 Imperial Age
33:02 Scale Barding Armor
34:03 Chain Mail Armor
34:09 Chain Barding Armor
36:17 Farimba
38:12 Plate Barding Armor
38:08 Plate Mail Armor
38:50 Conscription
38:41 Murder Holes
39:05 Masonry
38:39 Elite Gbeto
Gen
11:34 Feudal Age
14:01 Loom
17:04 Castle Age
17:08 Horse Collar
17:16 Double-Bit Axe
30:14 Imperial Age
31:43 Wheelbarrow
32:52 Hand Cart
33:49 Herbalism
35:23 Town Watch
35:33 Crossbowman
37:03 Thumb Ring
37:32 Huaracas
38:20 Fletching
39:06 Bow Saw
38:58 Heavy Plow
39:30 Bodkin Arrow
40:06 Ballistics
40:22 Thumb Ring
42:26 Chemistry
42:35 Bracer
43:33 Fervor
45:09 Town Patrol
45:15 Padded Archer Armor
46:11 Leather Archer Armor
GirthSoWide
1:07 Loom
13:43 Feudal Age
14:15 Horse Collar
14:30 Double-Bit Axe
14:48 Gold Mining
16:09 Wheelbarrow
15:39 Stone Mining
22:03 Castle Age
20:44 Man-at-Arms
22:12 Forging
22:03 Scale Mail Armor
24:21 Long Swordsman
24:54 Gambesons
25:10 Squires
28:03 Iron Casting
27:44 Chain Mail Armor
29:23 Arson
32:54 Hand Cart
35:30 Bow Saw
37:17 Gold Shaft Mining
40:21 Imperial Age
38:41 Padded Archer Armor
38:31 Fletching
43:16 Two-Handed Swordsman
MrTurner69
0:28 Loom
11:51 Feudal Age
13:08 Wheelbarrow
14:06 Double-Bit Axe
15:40 Horse Collar
17:20 Gold Mining
18:18 Fletching
18:29 Padded Archer Armor
23:04 Castle Age
21:48 Forging
21:46 Scale Barding Armor
23:39 Crossbowman
24:44 Bodkin Arrow
25:55 Thumb Ring
31:12 Caravan
31:35 Leather Archer Armor
31:58 Husbandry
32:42 Gold Shaft Mining
33:36 Hand Cart
36:48 Bow Saw
36:15 Light Cavalry
40:49 Imperial Age
41:35 Arbalester
42:00 Arbalester
42:02 Elite Skirmisher
44:39 Conscription
Connection lost

Rejoining the realm…

Still unreachable

The connection could not be restored.

Session expired

The server has moved on; the page needs a fresh start.